 Dungeon Crawl Stone Soup version 0.30-a0-626-gd6a5dd7a1f (webtiles) character file.

Game seed: 12062082332403115800

21 drugrobin the Sneak (level 2, 0/25 HPs)
             Began as a Demigod Delver on Jan 11, 2023.
             Succumbed to an adder's poison
             ... on level 3 of the Dungeon.
             The game lasted 00:02:33 (433 turns).

drugrobin the Sneak (Demigod Delver)                 Turns: 433, Time: 00:02:33

Health: 0/25       AC:  4    Str: 13    XL:     2   Next: 48%
Magic:  4/4        EV: 16    Int: 12    God:
Gold:   37         SH:  0    Dex: 15    Spells: 1/1 levels left

rFire   . . .      SeeInvis .      - Unarmed
rCold   . . .      Faith    .    (no shield)
rNeg    . . .      Spirit   .    a - +1 leather armour
rPois   .          Reflect  .    (no helmet)
rElec   .          Harm     .    (no cloak)
rCorr   .          Rampage  .    (no gloves)
Will    .....                    (no boots)
Stlth   +++                      (no amulet)
HPRegen 0.24/turn                j - +5 ring of evasion
MPRegen 0.09/turn                (no ring)

@: brilliant, lethally poisoned (0 -> -4)
A: high MP 1, forlorn, divine attributes
a: no special abilities


You were on level 3 of the Dungeon.
You visited 1 branch of the dungeon, and saw 4 of its levels.

You collected 37 gold pieces.

Inventory:

Hand Weapons
 g - a +0 flail
Armour
 a - a +1 leather armour (worn)
Jewellery
 j - a +5 ring of evasion (left hand)
Wands
 f - a wand of digging (3)
Scrolls
 b - a scroll of fog
 c - 2 scrolls of magic mapping
 i - 3 scrolls of identify {unknown}
 k - a scroll of enchant weapon {unknown}
 n - a scroll of poison {unknown}
Potions
 e - a potion of haste
 l - a potion of cancellation
 m - a potion of brilliance


   Skills:
 - Level 2.6 Fighting
 - Level 1.7 Dodging
 - Level 4.5 Stealth
 + Level 3.0 Unarmed Combat


You had one spell level left.
You didn't know any spells.
Your spell library was empty.

Dungeon Overview and Level Annotations

Branches:
Dungeon (5/15)
 Temple: D:4-7

Portals:
Sewer: D:3

Annotations:
D:4 exclusions: downstairs, orc and orc wizard
D:5 Sigmund


Innate Abilities, Weirdness & Mutations

You have an increased reservoir of magic. (+10% MP)
You shall have no god before yourself.
Your divine heritage dramatically boosts your attributes as you level up.


Message History

You feel sick. The adder barely misses you. x2
You barely miss the adder.
The adder is lightly wounded.
You feel sick. The adder closely misses you. The adder bites you.
You thump the adder!
The adder is almost dead.
You feel sick.
You are no longer poisoned.
The adder bites you. x2
You are poisoned.
The adder poisons you!
You are now empty-handed.
You feel sick.
You barely miss the adder.
The adder is almost dead.
You feel sick. The adder bites you but does no damage.
You barely miss the adder.
The adder is almost dead.
You feel sick. The adder bites you.
* * * LOW HITPOINT WARNING * * *
You are lethally poisoned!
The adder poisons you! The adder barely misses you.
It was a potion of cancellation.
You feel magically purged.
* * * LOW HITPOINT WARNING * * *
You feel sick. The adder completely misses you.
Unknown command.
It was a potion of brilliance.
You feel clever all of a sudden.
* * * LOW HITPOINT WARNING * * *
You feel sick. The adder closely misses you.
Unknown command.
Unknown command.
As you read the scroll of fear, it crumbles to dust.
You assume a fearsome visage.
The adder looks frightened!
* * * LOW HITPOINT WARNING * * *
You feel sick.
Okay, then.
As you read the scroll labelled ETANGIACHE, it crumbles to dust.
It is a scroll of enchant armour.
Your +0 leather armour glows green for a moment.
You die...

#..[........########.
#..######.#.........†
#..#~~~~#.########...
#..#~r~~#.#########.#
#..#~∩~~#....##......
#.#~r~~#.......##.>#
#.#r~~~#.......#..#.
#†###'##.......#.##.
#..@..S....#####. #>
#####...##.# #. ..
##...#.# .....
###.#.# . . .#.# . .#
.. #.


You could see an adder (fleeing).

Vanquished Creatures
  An adder (D:3)
  A worm (D:3)
  2 endoplasms (D:4)
  A kobold (D:4)
  A quokka (D:2)
  2 frilled lizards
  3 rats (D:3)
11 creatures vanquished.

Notes
Turn   | Place    | Note
-------+----------+-------------------------------------------
     0 | D:5      | drugrobin the Demigod Delver began the quest for the Orb.
     0 | D:5      | Reached XP level 1. HP: 18/18 MP: 3/3
    27 | D:5      | Noticed Sigmund
    46 | D:5      | Noticed a scorpion
   106 | D:4      | Noticed an orc wizard
   156 | D:3      | Reached XP level 2. HP: 21/25 MP: 4/4
   286 | D:3      | Found a glowing drain.
   432 | D:3      | HP: 1/25 [poisoned by an adder]
   433 | D:3      | Succumbed to an adder's poison

Illustrated notes

Levels and vault maps discovered:
D:2:      layout_basic
D:3:      layout_rooms, serial_shops, shop, portal_sewer_entry_c
D:4:      cheibrodos_barr_body, layout_gridville
D:5:      layout_basic, uniq_sigmund

Skill      XL: |  1  2 |
---------------+-------+-----
Unarmed Combat | 2 3 |  3.0
Fighting       | |  2.6
Dodging        | |  1.7
Stealth        | |  4.5

Action                   || total
-------------------------++-------
Melee: Unarmed           ||    41
       Flail             ||    21
       Punch             ||     3
  Use: Scroll            ||     2
       Potion            ||     2
 Stab: Sleeping          ||     2
Armor: Leather armour    ||     6
Dodge: Dodged            ||    46

Table legend: (Time is in decaauts)
 A = Elapsed time spent in this place.
 B = Non-inter-level travel time spent in this place.
 C = Inter-level travel time spent in this place.
 D = Time resting spent in this place.
 E = Time spent auto-exploring this place.
 F = Levels seen in this place.
 G = Mean time per level.
                   A        B        C        D        E       F      G
               +--------+--------+--------+--------+--------+-----+--------+
         Total |    433 |    417 |     16 |     65 |     17 |   4 |  108.2 |
       Dungeon |    433 |    417 |     16 |     65 |     17 |   4 |  108.2 |
               +--------+--------+--------+--------+--------+-----+--------+

Top non-repeatable levels by time:
     D:3: 215 daAuts
     D:2: 91 daAuts
     D:4: 69 daAuts
     D:5: 56 daAuts
